 Dungeon Sprint DCSS version 0.29.1 (webtiles) character file.

Game seed: 148842544035770991

6852 rocky1 the Carver (level 10, -17/151 HPs)
             Began as a Red Draconian Gladiator on Sept 13, 2022.
             Was an Initiate of Gozag.
             Demolished by Harold
             ... wielding a +1 dire flail of distortion
              (22 damage)
             ... in the Dungeon (Sprint III: "The Ten Rune Challenge").
             The game lasted 00:15:41 (3788 turns).

rocky1 the Carver (Red Draconian Gladiator)         Turns: 3788, Time: 00:15:41

Health: -17/151    AC:  7    Str: 20    XL:     10   Next: 78%
Magic:  16/16      EV: 22    Int:  8    God:    Gozag
Gold:   3580       SH:  0    Dex: 23    Spells: 17/17 levels left

rFire   + . .      SeeInvis .   p - +2 long sword (holy)
rCold   . . .      Faith    .   (no shield)
rNeg    . . .      Spirit   .   (body armour unavailable)
rPois   +          Reflect  .   b - +0 hat
rElec   +          Harm     .   (no cloak)
rCorr   .          Rampage  .   (no gloves)
Will    .....      NoTele   +   (no boots)
Stlth   ..........              f - amulet "Koth" {Acrobat rElec Str+3}
HPRegen 0.35/turn               i - +6 ring of dexterity
MPRegen 0.15/turn               q - ring of poison resistance

@: berserking, short of breath, gold aura, slowed
A: breathe fire, AC +7, unfitting armour, fire resistance 1, cold-blooded
a: Breathe Fire, Renounce Religion, Potion Petition, Call Merchant, Bribe Branch


You were in the Dungeon.
You worshipped Gozag.
Gozag was most pleased with you.
You visited 1 branch You collected 7161 gold pieces.
You spent 2062 gold pieces at shops.
You paid 1519 gold pieces to Gozag.

Inventory:

Hand Weapons
 p - a +2 long sword of holy wrath (weapon)
Missiles
 c - a throwing net (quivered)
 d - a javelin
Armour
 b - a +0 hat (worn)
Jewellery
 f - the amulet "Koth" (around neck) {Acrobat rElec Str+3}
   (You bought it in a shop in the Dungeon)

   [amulet of the acrobat]

   It increases your evasion while moving and waiting.
   Str:       It affects your strength (+3).
   rElec:     It insulates you from electricity.
 i - a +6 ring of dexterity (left hand)
 q - a ring of poison resistance (right hand)
 r - a ring of see invisible
Scrolls
 j - a scroll of blinking
 l - a scroll of poison {unknown}
 m - 2 scrolls of identify {unknown}
 o - a scroll of immolation {unknown}
Potions
 e - 2 potions of curing
 g - a potion of haste
 h - 2 potions of magic
 k - 3 potions of mutation {unknown}
 n - 2 potions of flight {unknown}
Miscellaneous
 a - a phial of floods


   Skills:
 + Level 13.6 Fighting
 - Level 14.0 Long Blades
 - Level 2.7 Throwing
 + Level 11.7 Dodging
 + Level 12.3 Stealth
 - Level 4.4 Spellcasting
 + Level 4.8 Evocations


You had 17 spell levels left.
You didn't know any spells.
Your spell library contained the following spells:

 Spells                   Type           Power      Damage    Failure   Level
 Sting                    Tmut/Pois      4%         1d3       28%         1
 Poisonous Vapours        Pois/Air       2%         N/A       38%         2
 Gell's Gravitas          Tloc           1%         N/A       63%         3
 Teleport Other           Tloc           1%         N/A       63%         3
 Olgreb's Toxic Radiance  Pois           1%         N/A       95%         4
 Dispersal                Tloc           0%         N/A       100%        6


Dungeon Overview and Level Annotations

Branches:
Dungeon (1/1)

Altars:
Cheibriados
Dithmenos
Elyvilon
Fedhas
Gozag
Hepliaklqana
Kikubaaqudgha
Makhleb
Nemelex Xobeh
Okawaru
Qazlal
Ru
Sif Muna
Trog
Uskayaw
Vehumet
Wu Jian
Xom
Yredelemnul
Zin
The Shining One
Jiyva
Lugonu

Shops:
D (=

Annotations:
D Harold


Innate Abilities, Weirdness & Mutations

You can breathe blasts of fire.
Your fiery red scales are hard. (AC +7)
You cannot fit into any form of body armour.
Your flesh is heat resistant. (rF+)
You are cold-blooded and may be slowed by cold attacks.


Message History

You slice Joseph!!
Joseph is heavily wounded.
Joseph barely misses you.
Harold hits you with a +1 dire flail of distortion!
You barely miss Joseph.
Joseph is heavily wounded.
You slash Joseph!
Joseph is heavily wounded.
Joseph completely misses you.
Harold hits you with a +1 dire flail of distortion!
You slash Joseph!
Joseph is heavily wounded.
Harold hits you with a +1 dire flail of distortion!!
Space warps horribly around you!
Joseph hits you with a +0 quarterstaff of freezing!
* * * LOW HITPOINT WARNING * * *
Joseph freezes you.
* * * LOW HITPOINT WARNING * * *
You slash Joseph!
Joseph is severely wounded.
Harold hits you with a +1 dire flail of distortion!!
* * * LOW HITPOINT WARNING * * *
Joseph hits you with a +0 quarterstaff of freezing!
* * * LOW HITPOINT WARNING * * *
You feel as though you will be slow longer.
Joseph freezes you.
* * * LOW HITPOINT WARNING * * *
Unknown command.
You slice Joseph!!
Joseph is almost dead.
Unknown command.
You slice Joseph!!
Joseph is almost dead.
Joseph completely misses you. Harold closely misses you.
Unknown command.
You slash Joseph!
You kill Joseph!
Harold hits you with a +1 dire flail of distortion!!
You die...
Your body crumbles into a pile of gold.

#)###########################
#.)).#.#.#.....#..^.^.'...~≈# $
##.#..#.##.###.#......#...~≈#
'##.#.#.##.#).##..^^..#...~≈≈≈#
#.))#..#.)##.['^^...^.#...~~~~#
▓▓▓▓▓▓▓▓▓▓▓▓▓▓#.^....[#.......#
........~~~...#..∩....#.......#
≈≈≈≈≈≈≈≈≈≈♣♣..'.......#.......#
♣♣♣♣♣♣♣♣♣♣♣♣..#$@.^.^.#########
♣♣♣##@###### #...+ $ #...# $
#...# ##### $


You could see Harold.

Vanquished Creatures
  Erolcha (D)
  2 orc high priests (D)
  Joseph (D)
  A deep elf pyromancer (D)
  An orc sorcerer (D)
  A queen bee (D)
  3 wandering mushrooms (D)
  A shadow (D)
  2 redbacks (D)
  A spatial vortex (D)
  3 orc warriors (D)
  5 two-headed ogres (D)
  A necrophage (D)
  A water elemental (D)
  32 killer bees (D)
  A jelly (D)
  4 orc priests (D)
  Jessica (D)
  A wizard (D)
  A necromancer (D)
  3 humans (D)
  A kobold demonologist (D)
  A phantom (D)
  8 orcs (D)
  An endoplasm (D)
  2 rats (D)
80 creatures vanquished.

Vanquished Creatures (others)
  A ballistomycete spore (D)
  2 plants (D)
3 creatures vanquished.

Grand Total: 83 creatures vanquished

Notes
Turn   | Place    | Note
-------+----------+-------------------------------------------
     0 | D        | rocky1 the Draconian Gladiator began the quest for the Orb.
     0 | D        | Reached XP level 1. HP: 17/17 MP: 1/1
    13 | D        | Noticed Jessica
    16 | D        | Killed Jessica
    17 | D        | Reached skill level 4 in Long Blades
    17 | D        | Reached XP level 2. HP: 19/27 MP: 2/2
    20 | D        | Reached XP level 3. HP: 24/33 MP: 3/3
   400 | D        | Noticed a water elemental
   407 | D        | Killed a water elemental
   408 | D        | Reached skill level 5 in Fighting
   408 | D        | Reached skill level 5 in Long Blades
   408 | D        | Reached skill level 5 in Dodging
   408 | D        | Reached XP level 4. HP: 40/42 MP: 4/4
   712 | D        | Noticed a shadow
   724 | D        | Reached skill level 6 in Long Blades
   724 | D        | Reached XP level 5. HP: 26/50 MP: 5/5
   881 | D        | Killed a shadow
   882 | D        | Reached skill level 7 in Long Blades
   882 | D        | Reached skill level 5 in Stealth
   882 | D        | Reached XP level 6. HP: 58/58 MP: 6/6
   887 | D        | Found a blossoming altar of Fedhas.
   887 | D        | Found a stormy altar of Qazlal.
   887 | D        | Found a snail-covered altar of Cheibriados.
   887 | D        | Found a burning altar of Makhleb.
   887 | D        | Found a shimmering altar of Xom.
   888 | D        | Found a hazy altar of Hepliaklqana.
   888 | D        | Found an opulent altar of Gozag.
   888 | D        | Found a sparkling altar of Nemelex Xobeh.
   888 | D        | Found a corrupted altar of Lugonu.
   888 | D        | Found a viscous altar of Jiyva.
   888 | D        | Noticed a spatial vortex
   893 | D        | Became a worshipper of Gozag Ym Sagoz the Greedy
   910 | D        | Killed a spatial vortex
   911 | D        | Reached skill level 8 in Long Blades
  1023 | D        | Found a basalt altar of Yredelemnul.
  1023 | D        | Found a shadowy altar of Dithmenos.
  1023 | D        | Found a sacrificial altar of Ru.
  1029 | D        | Reached skill level 9 in Long Blades
  1077 | D        | Found a radiant altar of Vehumet.
  1077 | D        | Found a shimmering blue altar of Sif Muna.
  1077 | D        | Found an ancient bone altar of Kikubaaqudgha.
  1080 | D        | Your scales start taking on a fiery red colour.
  1080 | D        | Reached XP level 7. HP: 68/68 MP: 7/7
  1080 | D        | Gained mutation: Your flesh is heat resistant. (rF+) [Red
                  | Draconian growth]
  1110 | D        | Found a glowing silver altar of Zin.
  1110 | D        | Found a glowing golden altar of the Shining One.
  1110 | D        | Found a white marble altar of Elyvilon.
  1110 | D        | Noticed a deep elf pyromancer
  1114 | D        | Noticed a fire elemental
  1114 | D        | Noticed a fire elemental
  1120 | D        | Killed a deep elf pyromancer
  1121 | D        | Reached skill level 10 in Long Blades
  1290 | D        | Found a hide-covered altar of Uskayaw.
  1290 | D        | Found an iron altar of Okawaru.
  1290 | D        | Found a bloodstained altar of Trog.
  1290 | D        | Found an ornate altar of the Wu Jian Council.
  1290 | D        | Noticed a human
  1292 | D        | Noticed a human
  1295 | D        | Killed a human
  1296 | D        | Reached skill level 11 in Long Blades
  1296 | D        | Reached XP level 8. HP: 72/78 MP: 8/8
  1873 | D        | Noticed a two-headed ogre
  1888 | D        | Killed a two-headed ogre
  1889 | D        | Reached skill level 10 in Fighting
  1889 | D        | Reached skill level 12 in Long Blades
  1896 | D        | Noticed Erolcha
  1897 | D        | Noticed a two-headed ogre
  1900 | D        | Killed Erolcha
  1901 | D        | Reached skill level 13 in Long Blades
  1901 | D        | Reached XP level 9. HP: 22/86 MP: 9/9
  1904 | D        | Killed a two-headed ogre
  1905 | D        | Reached skill level 10 in Stealth
  2341 | D        | Noticed an orc sorcerer
  2342 | D        | Noticed an orc high priest
  2536 | D        | Killed an orc sorcerer
  2537 | D        | Reached skill level 14 in Long Blades
  2537 | D        | Reached skill level 10 in Dodging
  2537 | D        | Reached skill level 1 in Spellcasting
  2774 | D        | Noticed an orange demon
  2774 | D        | Noticed a soul eater
  2777 | D        | Noticed an orange demon
  2778 | D        | Killed an orc high priest
  2779 | D        | Reached XP level 10. HP: 97/97 MP: 12/14
  2782 | D        | Noticed an orc high priest
  2790 | D        | Killed an orc high priest
  2795 | D        | Found Caqoewn's Antique Weapon Shop.
  3085 | D        | Reached skill level 1 in Evocations
  3421 | D        | Bought the amulet "Koth" {Acrobat rElec Str+3} for 855 gold
                  | pieces
  3421 | D        | Bought a +6 ring of dexterity for 612 gold pieces
  3421 | D        | Bought a ring of poison resistance for 340 gold pieces
  3764 | D        | Bought a ring of see invisible for 255 gold pieces
  3771 | D        | Noticed Harold
  3771 | D        | Noticed Joseph
  3785 | D        | HP: 4/151 [Joseph/+0 quarterstaff of freezing (6)]
  3788 | D        | Killed Joseph
  3788 | D        | Demolished by Harold

Illustrated notes

Levels and vault maps discovered:
D:        dungeon_sprint_mu [sprint_mu_entry_forest, sprint_mu_temple_rooms,
          sprint_mu_d1_spiders, sprint_mu_d2_genie, sprint_mu_d3_branching,
          sprint_mu_orc_legion, sprint_mu_elf_gauntlet, sprint_mu_hive_nellie,
          sprint_mu_lair_fedhas, sprint_mu_vaults_butterflies,
          sprint_mu_slime_circle, sprint_mu_swamp_cave, sprint_mu_snake_twists,
          sprint_mu_blade_basic, sprint_mu_crypt_lich, sprint_mu_tomb_spiral,
          sprint_mu_vestibule_basic, sprint_mu_gehenna_hellfire,
          sprint_mu_dis_giant, sprint_mu_tartarus_statrot,
          sprint_mu_cocytus_islands, sprint_mu_zot1]

Skill      XL: |  1  2  3  4  5  6  7  8  9 10 |
---------------+-------------------------------+-----
Fighting       | 3 5 6 8 9 10 12 13 | 13.6
Long Blades    | 4 5 6 7 9 11 13 14 | 14.0
Dodging        | 3 5 6 7 8 9 10 11 | 11.7
Stealth        | 2 4 5 6 8 9 10 12 | 12.3
Throwing       | 2 |  2.7
Spellcasting   | 3 4 |  4.4
Evocations     | 4 |  4.8

Action                   |  1- 3 |  4- 6 |  7- 9 | 10-12 || total
-------------------------+-------+-------+-------+-------++-------
Melee: Long sword        |    32 |    32 |    98 |   191 ||   353
       Tailslap          |     2 |     5 |    22 |    27 ||    56
       Punch             |     1 |       |     1 |     2 ||     4
Throw: Throwing net      |     3 |       |       |       ||     3
Invok: Potion Petition   |       |       |     1 |     1 ||     2
       Call Merchant     |       |       |       |     1 ||     1
 Abil: Breathe Fire      |       |       |     6 |     3 ||     9
  Use: Potion            |     1 |       |     2 |       ||     3
 Stab: Sleeping          |     2 |     1 |     3 |       ||     6
       Invisible         |       |       |     3 |       ||     3
       Distracted        |       |       |     2 |     5 ||     7
Armor: Skin              |     6 |     3 |    10 |    16 ||    35
Dodge: Dodged            |    10 |    14 |    49 |   189 ||   262
